 Dungeon Crawl Stone Soup version 0.30.0-10-gfe55d96785 (webtiles) character file.

Game seed: 18411599793348075134

388 qw the Chopper (level 6, -4/38 HPs)
             Began as a Gargoyle Cinder Acolyte on May 17, 2023.
             Was an Elder of Ignis.
             Slain by an orc warrior
             ... wielding a +0 dire flail
              (15 damage)
             ... on level 5 of the Dungeon.
             The game lasted 00:01:33 (3381 turns).

qw the Chopper (Gargoyle Cinder Acolyte)            Turns: 3381, Time: 00:01:34

Health: -4/38      AC: 23    Str: 17 (19) XL:     6   Next: 79%
Magic:  7/7        EV:  5    Int: 14 (15) God:    Ignis [****..]
Gold:   181        SH:  0    Dex:  4 (5)  Spells: 7/7 levels left

rFire   + . .        Y - -1 hand axe (flame)
rCold   . . .        (no shield)
rNeg    + . .        m - +0 plate armour
rPois   inf          (no helmet)
rElec   +            (no cloak)
rCorr   .            (no gloves)
SInv    .            j - +0 pair of boots
Will    .....        f - amulet of regeneration Stlth
                     (no ring)
HPRegen 1.06/turn    (no ring)
MPRegen 0.10/turn

%: no passive effects
@: fiery-armoured
A: sickness immunity, AC +4, negative energy resistance 1, electricity
resistance, torment resistance 1, petrification resistance
a: Renounce Religion, Fiery Armour, Foxfire Swarm, Rising Flame


You were on level 5 of the Dungeon.
You worshipped Ignis.
Ignis was greatly pleased with you.
You visited 1 branch of the dungeon, and saw 5 of its levels.

You collected 181 gold pieces.


Innate Abilities, Weirdness & Mutations

You are immune to sickness and miasma.
Your stone body is resilient. (AC +4)
You are immune to poison.
You resist negative energy. (rN+)
You are resistant to electric shocks. (rElec)
You are resistant to unholy torment.
You are immune to petrification.


   Skills:
 - Level 4.0 Fighting
 - Level 5.8 Axes
 - Level 1.4 Throwing
 + Level 2.0 Armour
 - Level 1.0 Spellcasting
 - Level 3.0 Fire Magic


You had 7 spell levels left.
You didn't know any spells.
Your spell library contained the following spells:

 Spells                   Type           Power      Damage    Failure   Level
 Scorch                   Fire           18%        2d6       99%         2

Inventory:

Hand Weapons
 Y - a -1 hand axe of flaming (weapon)
Missiles
 d - 2 boomerangs (quivered)
Armour
 j - a +0 pair of boots (worn)
 m - a +0 plate armour (worn)
Jewellery
 e - a ring of ice
 f - an amulet of regeneration (around neck)
Scrolls
 g - a scroll of identify
 k - a scroll of teleportation
Potions
 a - a potion of curing

Dungeon Overview and Level Annotations

Branches:
Dungeon (5/15)
 Temple: D:4-7

Altars:
Kikubaaqudgha


Message History

The black bear is burned by your cloak of flames.
The black bear is heavily wounded.
The black bear claws you but does no damage.
The black bear is burned by your cloak of flames.
The black bear is severely wounded.
The black bear barely misses you. The orc completely misses you.
The orc warrior barely misses you. The orc hits you but does no damage.
You hit the black bear but do no damage.
The black bear is severely wounded.
You hit the orc warrior but do no damage.
You hit the orc but do no damage.
The black bear goes berserk!
The orc warrior hits you with a +0 dire flail.
The orc hits you but does no damage. x2
You closely miss the black bear.
The black bear is severely wounded.
You barely miss the orc warrior. You hit the orc but do no damage.
The black bear bites you!
The black bear claws you but does no damage.
The black bear is burned by your cloak of flames.
The black bear is severely wounded.
The black bear claws you but does no damage.
The black bear is burned by your cloak of flames.
The black bear is almost dead.
The orc hits you but does no damage.
The orc is burned by your cloak of flames.
The orc is almost dead.
The orc warrior hits you but does no damage.
The orc warrior is burned by your cloak of flames.
The orc warrior is moderately wounded.
The orc hits you but does no damage.
You hit the black bear but do no damage.
The black bear is almost dead.
You closely miss the orc. You closely miss the orc warrior.
The black bear bites you but does no damage.
The black bear is burned by your cloak of flames.
You kill the black bear!
The orc hits you but does no damage.
The orc warrior hits you with a +0 dire flail!
You die...

#........ .....
########.#######
$.... .............#
..!...
.#######.###.#
..>... <# #.# #.#
#.....##.#######.#
#.# ...............#
#.#
#ooo.......#####.###
#@.#####..........
#..# #..........
#..# #.#####.###
#..# #.# #.#
#..#####.# #.#
#........#####.#
##........)....#
###############


You could see an orc warrior and 2 orcs.

Vanquished Creatures
  Sigmund (D:2)
  A black bear (D:5)
  2 orc priests (D:3)
  Terence (D:2)
  An orc wizard (D:3)
  6 adders
  3 worms
  2 dart slugs
  8 orcs
  4 ball pythons
  4 endoplasms
  4 giant cockroaches
  6 goblins
  5 hobgoblins
  5 kobolds
  A quokka (D:4)
  3 bats
  3 frilled lizards
  2 rats
62 creatures vanquished.

Notes
Turn   | Place    | Note
-------+----------+-------------------------------------------
     0 | D:1      | qw the Gargoyle Cinder Acolyte began the quest for the Orb.
     0 | D:1      | Reached XP level 1. HP: 14/14 MP: 2/2
     0 | D:1      | 0 ||| qw: Version: 0.2-a-95-g4c1bab1
     0 | D:1      | 0 ||| qw: Game counter: 119
     0 | D:1      | 0 ||| qw: Always use a shield: true
     0 | D:1      | 0 ||| qw: God list: Okawaru
     0 | D:1      | 0 ||| qw: Allow faded altars: false
     0 | D:1      | 0 ||| qw: Do Orc after D:15 true
     0 | D:1      | 0 ||| qw: Do second Lair branch before Depths: true
     0 | D:1      | 0 ||| qw: Lair rune preference: random
     0 | D:1      | 0 ||| qw: Plans: Normal
     0 | D:1      | 0 ||| PLANNING D:1-11
    83 | D:1      | Reached skill level 3 in Axes
   234 | D:1      | 234 ||| Stepping ~*~*~tactically~*~*~ (hiding).
   235 | D:1      | 235 ||| Stepping ~*~*~tactically~*~*~ (hiding).
   237 | D:1      | 237 ||| Stepping ~*~*~tactically~*~*~ (hiding).
   460 | D:1      | Reached XP level 2. HP: 19/19 MP: 3/3
   990 | D:1      | 990 ||| UPGRADING to +0 ring mail.
  1000 | D:1      | 1000 ||| DROPPING +0 robe.
  1001 | D:1      | 1001 ||| READING scroll labelled LYABAO QAMUDA.
  1002 | D:1      | 1002 ||| READING scroll labelled WAJAAM ZEWEMP.
  1007 | D:1      | 1007 ||| READING scroll labelled GILIUN BAYV.
  1008 | D:1      | 1008 ||| READING scroll labelled MOTYKH LOGADD.
  1009 | D:1      | 1009 ||| READING 3 scrolls labelled GOEDULEULL.
  1010 | D:1      | 1010 ||| DRINKING 2 metallic coppery potions.
  1013 | D:1      | 1013 ||| DROPPING potion of ambrosia.
  1014 | D:1      | 1014 ||| DROPPING 2 scrolls of noise.
  1065 | D:2      | Reached XP level 3. HP: 19/23 MP: 4/4
  1072 | D:2      | 1072 ||| Stepping ~*~*~tactically~*~*~ (stealth).
  1307 | D:2      | 1307 ||| INVOKING Fiery Armour.
  1310 | D:2      | Reached skill level 1 in Throwing
  1398 | D:2      | Reached skill level 4 in Axes
  1398 | D:2      | Reached XP level 4. HP: 28/28 MP: 5/5
  1435 | D:2      | Noticed Sigmund
  1437 | D:2      | 1437 ||| Stepping ~*~*~tactically~*~*~ (hiding).
  1437 | D:2      | Noticed Terence
  1438 | D:2      | 1438 ||| Stepping ~*~*~tactically~*~*~ (hiding).
  1440 | D:2      | 1440 ||| INVOKING Fiery Armour.
  1444 | D:2      | Killed Terence
  1445 | D:2      | Reached skill level 1 in Armour
  1462 | D:2      | Killed Sigmund
  1463 | D:2      | Reached skill level 5 in Axes
  1463 | D:2      | Reached XP level 5. HP: 18/32 MP: 6/6
  1463 | D:2      | Reached XP level 6. HP: 21/37 MP: 7/7
  1740 | D:2      | 1740 ||| UPGRADING to +0 pair of boots.
  1745 | D:2      | 1745 ||| READING 3 scrolls labelled VENEXA ZIFE.
  1769 | D:2      | 1769 ||| READING 2 scrolls labelled KUEDEHU CILECSA.
  1770 | D:2      | 1770 ||| DRINKING 2 lumpy emerald potions.
  1771 | D:2      | 1771 ||| DROPPING 2 scrolls of torment.
  1772 | D:2      | 1772 ||| DROPPING potion of degeneration.
  2294 | D:3      | 2294 ||| INVOKING Fiery Armour.
  2537 | D:3      | Found a faded altar of an unknown god.
  2541 | D:3      | Found an ancient bone altar of Kikubaaqudgha.
  2620 | D:3      | 2620 ||| STAIRDANCE
  2622 | D:2      | 2622 ||| DROPPING orb of light.
  2623 | D:2      | 2623 ||| UPGRADING to +0 plate armour.
  2633 | D:2      | 2633 ||| DROPPING +0 ring mail.
  2634 | D:2      | 2634 ||| UPGRADING to amulet of regeneration.
  2639 | D:2      | 2639 ||| READING 2 scrolls labelled CUL KINUHO.
  2640 | D:2      | 2640 ||| READING scroll labelled BUCOTHR HUUCH.
  2641 | D:2      | 2641 ||| DROPPING scroll of fog.
  2686 | D:4      | 2686 ||| STAIRDANCE
  2690 | D:4      | 2690 ||| STAIRDANCE
  2694 | D:4      | 2694 ||| STAIRDANCE
  2698 | D:4      | 2698 ||| STAIRDANCE
  2702 | D:4      | 2702 ||| STAIRDANCE
  2706 | D:4      | 2706 ||| STAIRDANCE
  2710 | D:4      | 2710 ||| STAIRDANCE
  2714 | D:4      | 2714 ||| STAIRDANCE
  2718 | D:4      | 2718 ||| STAIRDANCE
  2722 | D:4      | 2722 ||| STAIRDANCE
  2726 | D:4      | 2726 ||| STAIRDANCE
  2730 | D:4      | 2730 ||| STAIRDANCE
  2734 | D:4      | 2734 ||| STAIRDANCE
  2738 | D:4      | 2738 ||| STAIRDANCE
  2742 | D:4      | 2742 ||| STAIRDANCE
  2746 | D:4      | 2746 ||| STAIRDANCE
  2750 | D:4      | 2750 ||| STAIRDANCE
  2754 | D:4      | 2754 ||| STAIRDANCE
  2758 | D:4      | 2758 ||| STAIRDANCE
  2762 | D:4      | 2762 ||| STAIRDANCE
  2949 | D:4      | 2949 ||| READING 2 scrolls of identify.
  2949 | D:4      | 2949 ||| IDENTIFYING black potion
  3102 | D:4      | 3102 ||| Stepping ~*~*~tactically~*~*~ (hiding).
  3103 | D:4      | 3103 ||| Stepping ~*~*~tactically~*~*~ (hiding).
  3299 | D:4      | 3299 ||| READING scroll labelled SISTRU OLAR.
  3300 | D:4      | 3300 ||| READING 3 scrolls of identify.
  3300 | D:4      | 3300 ||| IDENTIFYING bubbling brown potion
  3301 | D:4      | 3301 ||| READING 2 scrolls of identify.
  3301 | D:4      | 3301 ||| IDENTIFYING white potion
  3302 | D:4      | 3302 ||| DROPPING potion of brilliance.
  3303 | D:4      | 3303 ||| DROPPING potion of attraction.
  3313 | D:5      | Entered Level 5 of the Dungeon
  3314 | D:5      | 3314 ||| PLANNING SEWER
  3358 | D:5      | Identified the +1 mace of the Magi {venom, Str+2}
  3369 | D:5      | Noticed an orc warrior
  3370 | D:5      | 3370 ||| Stepping ~*~*~tactically~*~*~ (stealth).
  3372 | D:5      | Noticed a black bear
  3375 | D:5      | 3375 ||| INVOKING Fiery Armour.
  3381 | D:5      | Killed a black bear
  3381 | D:5      | Slain by an orc warrior

Levels and vault maps discovered:
D:1:      heliophobic_arrival_dark_side_of_the_moon, layout_loops_corners
D:2:      layout_basic, st_stairs_10, uniq_terence, uniq_sigmund
D:3:      layout_loops_ring, nicolae_overflow_ecumenical_swirl
D:4:      layout_basic
D:5:      layout_loops_ring, kennysheep_slug_shrine, portal_sewer_entry_b,
          cheibrodos_gnoll_hut, uniq_pikel, uniq_edmund

Skill      XL: |  1  2  3  4  5  6 |
---------------+-------------------+-----
Axes           | 3 4 5 |  5.8
Throwing       | 1 |  1.4
Armour         | 1 2 |  2.0
Fighting       | 4 |  4.0
Spellcasting   | |  1.0
Fire Magic     | |  3.0

Action                     |  1- 3 |  4- 6 || total
---------------------------+-------+-------++-------
  Melee: Hand axe          |    87 |   147 ||   234
         Punch             |       |     1 ||     1
  Throw: Javelin           |    12 |     6 ||    18
         Boomerang         |       |     4 ||     4
 Invoke: Fiery Armour      |     1 |     3 ||     4
    Use: Scroll            |     5 |     8 ||    13
         Potion            |     1 |     1 ||     2
 Armour: Robe              |    22 |       ||    22
         Ring mail         |    35 |    44 ||    79
         Plate armour      |       |    24 ||    24
  Dodge: Dodged            |    51 |    82 ||   133

Table legend:
 A = Non-vault XP
 B = Vault XP
 C = Vault XP percentage of total XP
 D = Non-vault monster count
 E = Vault monster count
 F = Vault count percentage of total count
                 A         B        C        D         E       F
            +---------+---------+-------+---------+---------+-------
      Total |     428 |     255 |  37.3 |      57 |       5 |   8.1
            +---------+---------+-------+---------+---------+-------
        D:1 |      23 |       0 |   0.0 |      14 |       0 |   0.0
        D:2 |      69 |     255 |  78.7 |      11 |       5 |  31.2
        D:3 |     180 |       0 |   0.0 |      23 |       0 |   0.0
        D:4 |      15 |       0 |   0.0 |       7 |       0 |   0.0
        D:5 |     141 |       0 |   0.0 |       2 |       0 |   0.0
            +---------+---------+-------+---------+---------+-------
